 Dungeon Sprint DCSS version 0.20-a0-1126-g0f15420 (webtiles) character file.

1639 potatolord6000 the Grappler (level 8, -2/93 HPs)
             Began as a Troll Monk on May 17, 2017.
             Was an Initiate of Gozag.
             Slain by an 11-headed hydra (6 damage)
             ... in the Dungeon (Sprint IX: "|||||||||||||||||||||||||||||").
             The game lasted 00:03:38 (425 turns).

potatolord6000 the Grappler (Troll Monk)             Turns: 425, Time: 00:03:39

Health: -2/93      AC:  7    Str: 27    XL:     8   Next: 66%
Magic:  7/7        EV: 22    Int:  6    God:    Gozag
Gold:   177        SH:  4    Dex: 19    Spells: 7/7 levels left

rFire    . . .     SeeInvis .     - Unarmed
rCold    . . .     Gourm    +   (no shield)
rNeg     . . .     Faith    .   (armour restricted)
rPois    .         Spirit   .   (helmet restricted)
rElec    .         Reflect  .   (no cloak)
rCorr    .         Harm     .   (gloves unavailable)
MR       .....     NoTele   +   (boots unavailable)
Stlth    +++.......             (no amulet)
Regen    0.7/turn               k - +2 ring of protection
MPRegen  0.1/turn               l - +2 ring of protection

@: mighty, agile, lethally poisoned (-2 -> -2)
A: unfitting armour, claws 3, horns 1, large bone plates 1, thin skeletal
structure 1, fast metabolism 3, gourmand, regeneration 1, shaggy fur 1, tough
skin 2, no potion heal 1
a: Potion Petition, Call Merchant, Bribe Branch, Renounce Religion


You were in the Dungeon.
You worshipped Gozag.
Gozag was aware of your devotion.
You were full.

You visited 1 branch You collected 927 gold pieces.
You paid 750 gold pieces to Gozag.

Inventory:

Jewellery
 k - a +2 ring of protection (left claw)
 l - a +2 ring of protection (right claw)
Scrolls
 h - 3 scrolls of blinking
 i - 5 scrolls of remove curse
 j - 2 scrolls of amnesia
 o - a scroll of identify
 p - a scroll of fear
Potions
 a - a potion of invisibility
 c - 4 potions of curing
 e - a potion of might
 f - 4 potions of magic
 g - a potion of berserk rage
 m - 3 potions of brilliance
Comestibles
 b - 2 bread rations


   Skills:
 + Level 9.8 Fighting
 + Level 9.9 Dodging
 - Level 1.0 Stealth
 + Level 11.5 Unarmed Combat


You had 7 spell levels left.
You didn't know any spells.

Dungeon Overview and Level Annotations

Branches:
Dungeon (1/1)

Altars:
Cheibriados
Dithmenos
Elyvilon
Fedhas
Gozag
Hepliaklqana
Kikubaaqudgha
Makhleb
Nemelex Xobeh
Okawaru
Qazlal
Ru
Sif Muna
Trog
Uskayaw
Vehumet
Wu Jian
Xom
Yredelemnul
Zin
The Shining One
Beogh
Jiyva
Lugonu

Shops:
D *


Innate Abilities, Weirdness & Mutations

You are too large for most types of armour.
You have claws for hands.
Your metabolism is lightning-fast.
You like to eat raw meat.
Your natural rate of healing is unusually fast.
You are covered in fur. (AC +1)
You have very tough skin. (AC +2)
You have a pair of small horns on your head.
You are partially covered in large bone plates. (SH +4)
You have a somewhat thin skeletal structure. (Dex +2, Stealth)
Potions are less effective at restoring your health.


Message History

* * * LOW HITPOINT WARNING * * *
The 11-headed hydra closely misses you. You block the 11-headed hydra's attack.
The 11-headed hydra bites you but does no damage.
The 11-headed hydra closely misses you. The 11-headed hydra barely misses you.
You block the 11-headed hydra's attack. The 11-headed hydra bites you.
* * * LOW HITPOINT WARNING * * *
You feel sick.
You see here 72 gold pieces.
You see here 234 gold pieces.
You feel sick.
You see here 54 gold pieces.
There is an open door to the Lair here.
You feel sick.
You feel sick.
You feel agile all of a sudden. The 11-headed hydra barely misses you.
The 11-headed hydra bites you.
* * * LOW HITPOINT WARNING * * *
You block the 11-headed hydra's attack. The 11-headed hydra bites you.
You die...
Your body crumbles into a pile of gold.

▓_▓.▓$▓
$
▓_▓.▓$▓
$
▓_▓.▓'▓
$
▓_▓.▓.▓
$
▓_▓.▓.▓
$
▓_▓.▓.▓
$
▓_▓.▓r▓
$
▓'▓.▓D▓
$
▓.▓.▓@▓
$
▓.▓.▓|▓
$
▓.▓.▓.▓
▓.▓.▓.▓
▓.▓.▓.▓
▓†▓.▓.▓
▓.▓.▓!▓
▓.▓.▓.▓
▓.▓.▓'▓


You could see a 11-headed hydra and a porcupine.

Vanquished Creatures
  A manticore (D)
  A hippogriff (D)
  2 water moccasins (D)
  An orc warrior (D)
  A porcupine (D)
  2 sky beasts (D)
  2 phantoms (D)
  A crocodile (D)
  2 bullfrogs (D)
  A gnoll sergeant (D)
  A quasit (D)
  2 iguanas (D)
  2 adder skeletons (D)
  An orc (D)
  2 giant cockroaches (D)
  A goblin (D)
  A hobgoblin (D)
  A quokka (D)
  A frilled lizard (D)
  A leopard gecko skeleton (D)
  2 rats (D)
29 creatures vanquished.

Notes
Turn   | Place    | Note
-------+----------+-------------------------------------------
     0 | D        | potatolord6000 the Troll Monk began the quest for the Orb.
     0 | D        | Reached XP level 1. HP: 22/22 MP: 0/0
    28 | D        | Noticed a phantom
    32 | D        | Reached XP level 2. HP: 31/31 MP: 1/1
    45 | D        | Killed a phantom
    45 | D        | Reached skill level 5 in Unarmed Combat
    45 | D        | Reached XP level 3. HP: 19/41 MP: 2/2
    45 | D        | Reached XP level 4. HP: 23/49 MP: 3/3
    50 | D        | Found a roughly hewn altar of Beogh.
    50 | D        | Found a snail-covered altar of Cheibriados.
    50 | D        | Found a shadowy altar of Dithmenos.
    50 | D        | Found a white marble altar of Elyvilon.
    50 | D        | Found a blossoming altar of Fedhas.
    50 | D        | Found an opulent altar of Gozag.
    51 | D        | Found a hazy altar of Hepliaklqana.
    52 | D        | Found a viscous altar of Jiyva.
    53 | D        | Found an ancient bone altar of Kikubaaqudgha.
    54 | D        | Found a corrupted altar of Lugonu.
    55 | D        | Found a burning altar of Makhleb.
    56 | D        | Found a sparkling altar of Nemelex Xobeh.
    57 | D        | Found an iron altar of Okawaru.
    58 | D        | Became a worshipper of Gozag Ym Sagoz the Greedy
    59 | D        | Found a stormy altar of Qazlal.
    60 | D        | Found a sacrificial altar of Ru.
    61 | D        | Found a deep blue altar of Sif Muna.
    62 | D        | Found a bloodstained altar of Trog.
    63 | D        | Found a hide-covered altar of Uskayaw.
    64 | D        | Found a radiant altar of Vehumet.
    65 | D        | Found an ornate altar of the Wu Jian Council.
    66 | D        | Found a shimmering altar of Xom.
    67 | D        | Found a basalt altar of Yredelemnul.
    68 | D        | Found a glowing silver altar of Zin.
    69 | D        | Found a glowing golden altar of the Shining One.
    96 | D        | Noticed a phantom
    96 | D        | Noticed a sky beast
    98 | D        | Reached skill level 5 in Fighting
    98 | D        | Reached skill level 5 in Dodging
    98 | D        | Reached skill level 6 in Unarmed Combat
   101 | D        | Reached XP level 5. HP: 57/57 MP: 4/4
   115 | D        | Killed a sky beast
   115 | D        | Reached skill level 7 in Unarmed Combat
   118 | D        | HP: 2/61 [iguana (15)]
   124 | D        | Reached XP level 6. HP: 44/68 MP: 5/5
   138 | D        | Reached skill level 8 in Unarmed Combat
   179 | D        | Noticed a manticore
   179 | D        | Noticed an orc warrior
   179 | D        | Noticed a sky beast
   188 | D        | Killed a sky beast
   188 | D        | Reached skill level 9 in Unarmed Combat
   199 | D        | Killed an orc warrior
   199 | D        | Reached XP level 7. HP: 21/79 MP: 6/6
   211 | D        | Killed a manticore
   211 | D        | Reached skill level 10 in Unarmed Combat
   375 | D        | Gained mutation: Potions are less effective at restoring your health. [potion of mutation]
   375 | D        | Gained mutation: You have a somewhat thin skeletal structure. (Dex +2, Stealth) [potion of mutation]
   375 | D        | Gained mutation: You have a pair of small horns on your head. [potion of mutation]
   375 | D        | Gained mutation: You are partially covered in large bone plates. (SH +4) [potion of mutation]
   390 | D        | Noticed a hippogriff
   391 | D        | Reached XP level 8. HP: 92/92 MP: 7/7
   392 | D        | Noticed an eight-headed hydra
   398 | D        | Reached skill level 11 in Unarmed Combat
   408 | D        | Killed a hippogriff
   413 | D        | HP: 4/93 [11-headed hydra (5)]
   425 | D        | HP: 4/93 [11-headed hydra (4)]
   425 | D        | Slain by an 11-headed hydra

Vault maps used:
D:        linesprint

Skill      XL: |  1  2  3  4  5  6  7  8 |
---------------+-------------------------+-----
Fighting       | 3 4 5 6 7 9 |  9.8
Dodging        | 3 4 5 6 7 9 |  9.9
Unarmed Combat | 5 6 7 9 10 11 | 11.5
Stealth        | |  1.0

Action                   |  1- 3 |  4- 6 |  7- 9 || total
-------------------------+-------+-------+-------++-------
Melee: Unarmed           |    25 |    53 |    27 ||   105
       Punch             |     1 |       |     3 ||     4
       Headbutt          |       |       |     4 ||     4
Invok: Call Merchant     |       |       |     1 ||     1
  Use: Potion            |       |     3 |     6 ||     9
 Stab: Sleeping          |       |       |     1 ||     1
  Eat: Meat ration       |       |       |     1 ||     1
Armor: Skin              |     2 |    14 |    10 ||    26
Dodge: Dodged            |     8 |    14 |    34 ||    56
Block: Other             |       |       |     9 ||     9
